 Dungeon Crawl Stone Soup version 0.29.1-15-g9cfb28693d (webtiles) character file.

Game seed: 18108211428192420424

911 Heoruswealwe the Magician (level 7, -1/36 HPs)
             Began as a Deep Elf Earth Elementalist on Apr 10, 2023.
             Was an Initiate of Gozag.
             Slain by an unseen horror (11 damage)
             ... on level 5 of the Dungeon.
             The game lasted 00:45:39 (3766 turns).

Heoruswealwe the Magician (DEEE)                    Turns: 3766, Time: 00:45:42

Health: -1/36      AC:  2    Str:  5    XL:     7   Next: 82%
Magic:  21/29      EV: 12    Int: 28    God:    Gozag
Gold:   239        SH:  0    Dex: 15    Spells: 5/21 levels left

rFire   + . .      SeeInvis .   q - +7 mace of Departure {vorpal, +Blink rF+}
rCold   . . .      Faith    .   (no shield)
rNeg    . . .      Spirit   .   a - +0 robe
rPois   .          Reflect  .   (no helmet)
rElec   .          Harm     .   (no cloak)
rCorr   .          Rampage  .   (no gloves)
Will    .....                   (no boots)
Stlth   ++........              s - amulet of the acrobat
HPRegen 0.12/turn               u - +6 ring of intelligence
MPRegen 0.21/turn               j - ring of magical power

@: no status effects
A: no striking features
a: Renounce Religion, Evoke Blink, Potion Petition, Call Merchant, Bribe Branch


You were on level 5 of the Dungeon.
You worshipped Gozag.
Gozag was aware of your devotion.
You visited 1 branch of the dungeon, and saw 5 of its levels.

You collected 738 gold pieces.
You spent 499 gold pieces at shops.

Inventory:

Hand Weapons
 n - a +0 arbalest
 q - the +7 mace of Departure (weapon) {vorpal, +Blink rF+}
   (You found it on level 2 of the Dungeon)

   It inflicts extra damage upon your enemies.
   rF:        It protects you from fire.
   +Blink:    It lets you blink.
Armour
 a - a +0 robe (worn)
 h - a +0 robe
 i - a +0 robe
 r - a +0 robe
 B - a +0 robe
 D - a +0 robe
Magical Staves
 t - a staff of death
Jewellery
 f - a ring of protection from cold
 j - a ring of magical power (right hand)
 p - a ring of protection from fire
 s - an amulet of the acrobat (around neck)
 u - a +6 ring of intelligence (left hand)
 y - a ring of positive energy
Scrolls
 c - 3 scrolls of enchant armour
 e - 3 scrolls of enchant weapon
 l - 4 scrolls of teleportation
 o - a scroll of amnesia
 v - a scroll of magic mapping
 w - 2 scrolls of summoning
 x - a scroll of acquirement {unknown}
 z - a scroll of fear
 A - a scroll of brand weapon
Potions
 b - a potion of magic
 d - a potion of might
 g - a potion of ambrosia {unknown}
 k - 3 potions of mutation {unknown}
 m - a potion of degeneration {unknown}
 C - a potion of invisibility {unknown}


   Skills:
 - Level 2.4 Dodging
 - Level 2.4 Stealth
 + Level 7.8 Spellcasting
 + Level 2.9 Conjurations
 + Level 3.2 Transmutations
 + Level 7.0 Earth Magic


You had 5 spell levels left.
You knew the following spells:

 Your Spells              Type           Power      Damage    Failure   Level
a - Sandblast             Erth           100%       2d20      1%          1
b - Stone Arrow           Conj/Erth      76%        3d11      1%          3
c - Petrify               Tmut/Erth      39%        N/A       6%          4
d - Iron Shot             Conj/Erth      19%        9d4       69%         6
z - Passwall              Tmut/Erth      32%        N/A       1%          2

Your spell library contained the following spells:

 Spells                   Type           Power      Damage    Failure   Level
 Beastly Appendage        Tmut           58%        N/A       1%          1
 Wereblood                Tmut           29%        N/A       1%          2
 Summon Small Mammal      Summ           44%        N/A       4%          1
 Scorch                   Fire           22%        2d6       8%          2
 Spider Form              Tmut/Pois      20%        N/A       8%          3
 Dazzling Flash           Conj/Hex       38%        N/A       9%          3
 Call Canine Familiar     Summ           11%        N/A       16%         3
 Summon Guardian Golem    Hex/Summ       11%        N/A       16%         3
 Flame Wave               Conj/Fire      19%        2d7       26%         4
 Iskenderun's Battlesphe  Conj           27%        2d8       38%         5
 Agony                    Necr           11%        N/A       80%         5
 Silence                  Hex/Air        5%         N/A       80%         5
 Summon Cactus Giant      Summ           5%         N/A       100%        6
 Spellforged Servitor     Conj/Summ      9%         N/A       100%        7


Dungeon Overview and Level Annotations

Branches:
Dungeon (5/15)
 Temple: D:4-7

Altars:
Ashenzari
Gozag
Trog

Shops:
D:3 *   D:4 ?


Message History

The jelly quivers.
An ufetubus comes into view.
The blast of sand hits the jelly!
You kill the jelly!
The ufetubus is distracted by your dazzling golden aura.
The blast of sand hits the ufetubus!!
You kill the ufetubus!
Things that are here:
17 gold pieces; a +0 flail You see here 8 gold pieces.
The blast of sand hits the jelly!!
You kill the jelly!
Your Earth Magic skill increases to level 7!
You now have 193 gold pieces (gained 17).
You see here a +0 flail.
You now have 201 gold pieces (gained 8).
You now have 209 gold pieces (gained 8).
You now have 215 gold pieces (gained 6).
You now have 222 gold pieces (gained 7).
You now have 231 gold pieces (gained 9).
You now have 239 gold pieces (gained 8).
An iguana comes into view.
The blast of sand hits the iguana but does no damage.
The iguana hisses angrily.
Something hits you!
Deactivating autopickup; reactivate with Ctrl-A.
Something hits you.
You are too injured to fight recklessly!
Something barely misses you.
You are too injured to fight recklessly!
Casting: Sandblast (safe; 1% risk of failure)
Confirm with . or Enter, or press ? or * to list all spells.
Aiming: Sandblast (safe; 1% risk of failure)
Press: ? - help, Shift-Dir - straight line, f/p - iguana
Aim: an iguana (87% to hit)
The blast of sand hits something.
Something hits you. x2
* * * LOW HITPOINT WARNING * * *
Something hits you!
You die...
Your body crumbles into a pile of gold.

## ###.###...# #.# #..###... .#
#......## #.# ##.## ##.. .##
###......# #.# #..# ##.
..###...###..## ##[## ##.## ##.
.........##...###...###..# #..
#....###..#.........##..## ##..
..#### #...#######..##..### #..#
.## ##..#.....######...####.##
.## #...#....@{.l..##.......#
..## ##..##..#..#....#####....##
#..####...##.....#....# ##....#
##..##....##.....#....# ##....
##........##)#######.#### #....
#..###....#.)....#...#..#####....
..## #....#......#.#.#...........
.## ##...#..##..# . #...........
..### #...#..##..# ########......


You could see an iguana.

Vanquished Creatures
  A scorpion (D:5)
  2 necrophages
  3 jellies (D:5)
  5 hounds
  7 iguanas
  2 orc wizards
  4 gnolls
  8 adders
  3 ufetubi (D:5)
  5 dart slugs
  7 orcs (D:3)
  4 ball pythons
  8 bats
  9 endoplasms
  6 giant cockroaches
  4 goblins
  7 hobgoblins
  9 jackals
  6 quokkas
  7 frilled lizards
  10 kobolds
  7 rats
124 creatures vanquished.

Vanquished Creatures (others)
  10 fungi (D:4)
10 creatures vanquished.

Grand Total: 134 creatures vanquished

Notes
Turn   | Place    | Note
-------+----------+-------------------------------------------
     0 | D:1      | Heoruswealwe the Deep Elf Earth Elementalist began the
                  | quest for the Orb.
     0 | D:1      | Reached XP level 1. HP: 10/10 MP: 6/6
   103 | D:1      | You fall into a shaft and drop 1 floor!
   136 | D:2      | Reached XP level 2. HP: 15/15 MP: 3/8
   139 | D:2      | Learned a level 2 spell: Passwall
   432 | D:1      | Reached XP level 3. HP: 19/19 MP: 8/10
   436 | D:1      | Learned a level 3 spell: Stone Arrow
  1398 | D:2      | Found a faded altar of an unknown god.
  1443 | D:2      | Identified the +7 mace of Departure {vorpal, +Blink rF+}
  1466 | D:2      | Prayed at the altar of an unknown god.
  1466 | D:2      | Became a worshipper of Gozag Ym Sagoz the Greedy
  1596 | D:3      | Reached XP level 4. HP: 9/24 MP: 12/12
  1596 | D:3      | HP: 1/24 [orc/+0 falchion (6)]
  1777 | D:3      | Found Cammohur's Assorted Antiques.
  1783 | D:3      | Bought a weird smoking staff for 252 gold pieces
  1783 | D:3      | Bought a scroll labelled LAYFUZ SEQO for 21 gold pieces
  1844 | D:3      | Learned a level 4 spell: Petrify
  2129 | D:3      | Reached skill level 5 in Spellcasting
  2243 | D:3      | Reached skill level 5 in Earth Magic
  2245 | D:3      | Reached XP level 5. HP: 19/28 MP: 14/14
  2410 | D:3      | Bought a scroll labelled OMADEGRIUSY for 21 gold pieces
  2461 | D:4      | Found Iziemotz's Magic Scroll Boutique.
  2536 | D:4      | Bought a scroll of identify for 20 gold pieces
  2536 | D:4      | Bought a scroll of identify for 20 gold pieces
  2661 | D:4      | Found a bloodstained altar of Trog.
  2777 | D:4      | Reached XP level 6. HP: 32/32 MP: 17/17
  2786 | D:4      | Learned a level 6 spell: Iron Shot
  2808 | D:4      | Found a broken altar of Ashenzari.
  3029 | D:4      | Bought a scroll of teleportation for 30 gold pieces
  3029 | D:4      | Bought a scroll of brand weapon for 95 gold pieces
  3029 | D:4      | Bought a scroll of vulnerability for 40 gold pieces
  3152 | D:5      | Entered Level 5 of the Dungeon
  3355 | D:5      | Reached skill level 1 in Conjurations
  3630 | D:5      | Reached XP level 7. HP: 36/36 MP: 19/19
  3766 | D:5      | Slain by an unseen horror

Illustrated notes

Levels and vault maps discovered:
D:1:      dpeg_arrival_fog, layout_basic
D:2:      layout_basic, shapermc_ecumenical_altar_starsandcircs,
          chequers_serial_rivers_micro_b, nrook_loot_triangle
D:3:      kennysheep_six_static_rooms, layout_basic, serial_shops, shop,
          minmay_joined_circles
D:4:      layout_cave_pools, mainiacjoe_overflow_alcove_2,
          mainiacjoe_overflow_boulevard, serial_shops, shop,
          dreamdust_gnoll_farm
D:5:      minmay_clustersquares, layout_layer_cave

Skill      XL: |  1  2  3  4  5  6  7 |
---------------+----------------------+-----
Spellcasting   | 4 5 6 7 |  7.8
Earth Magic    | 4 5 6 7 |  7.0
Conjurations   | 1 2 |  2.9
Transmutations | 2 3 |  3.2
Dodging        | |  2.4
Stealth        | |  2.4

Action                   |  1- 3 |  4- 6 |  7- 9 || total
-------------------------+-------+-------+-------++-------
Melee: Mace              |       |    36 |       ||    36
 Cast: Sandblast         |    66 |    91 |    25 ||   182
       Passwall          |     2 |     2 |       ||     4
  Use: Scroll            |     4 |     9 |       ||    13
       Potion            |       |     2 |       ||     2
Armor: Robe              |     4 |     3 |       ||     7
Dodge: Dodged            |    10 |    19 |     3 ||    32
